[ AOE2 MATCH · #506001116 ]
UnrankedJurchens vs Franks
Player's team · LOSS
Rival team · WIN
[ REPLAY ANALYSIS · EXTRACTED FROM THE RECORDED GAME ]
Feudal
16:07
Castle
22:40
Imperial
43:09
| APM avg | 61.4 |
| APM peak | 104 |
| eAPM avg | 42.9 |
| Villagers / military | 143 / 60 |
Focus
⚔️ 19.5% · 🌾 80.5%
Fire Lancer ×48 · Unknown (1911) ×17 · Battering Ram ×5 · Archer ×2 · Iron Pagoda ×2 · Trebuchet (Packed) ×2
Feudal
16:12
Castle
26:07
Imperial
39:34
| APM avg | 84.8 |
| APM peak | 142 |
| eAPM avg | 41.2 |
| Villagers / military | 159 / 128 |
Focus
⚔️ 34.4% · 🌾 65.6%
Hand Cannoneer ×50 · Fishing Ship ×33 · Knight ×22 · Throwing Axeman ×21 · Archer ×8 · Bombard Cannon ×8
Match map
Initial resources + every placement click. Lines = walls · curves = elevation contours. ◆ gold · ⬟ stone · ● berries · ✦ relic · ◌ wall gap
Your base· Open — opponent sealed themselves in
MegaFish's base· ✓ Closed at 26:07 · 44t walls · no gate
Smoothed initial terrain · ◌ = detected wall gap · hover for details
Inputs per minute
— Diago - - MegaFish
Build order — Diago
First 150 of 394 actions detected
| 0:00 | Queue | Villager (Male) |
| 0:01 | Queue | Villager (Male) |
| 0:01 | Queue | Villager (Male) |
| 0:01 | Queue | Villager (Male) |
| 0:02 | Build | House |
| 0:03 | Build | House |
| 0:11 | Research | Loom |
| 0:11 | Queue | Villager (Male) |
| 1:07 | Queue | Villager (Male) |
| 1:32 | Queue | Villager (Male) |
| 2:04 | Queue | Villager (Male) |
| 2:27 | Queue | Villager (Male) |
| 3:13 | Queue | Villager (Male) |
| 3:40 | Queue | Villager (Male) |
| 3:48 | Build | Palisade Wall |
| 4:07 | Queue | Villager (Male) |
| 4:31 | Queue | Villager (Male) |
| 5:10 | Build | Palisade Wall |
| 5:19 | Build | Palisade Wall |
| 5:22 | Build | Palisade Wall |
| 5:54 | Queue | Villager (Male) |
| 5:54 | Queue | Villager (Male) |
| 6:10 | Queue | Villager (Male) |
| 7:05 | Queue | Villager (Male) |
| 7:17 | Queue | Villager (Male) |
| 7:21 | Build | House |
| 7:57 | Queue | Villager (Male) |
| 8:10 | Queue | Villager (Male) |
| 8:39 | Queue | Villager (Male) |
| 8:48 | Build | Lumber Camp |
| 8:49 | Queue | Villager (Male) |
| 9:29 | Queue | Villager (Male) |
| 9:44 | Build | Palisade Wall |
| 9:47 | Build | Palisade Wall |
| 9:55 | Build | Palisade Wall |
| 9:57 | Build | Palisade Wall |
| 10:09 | Queue | Villager (Male) |
| 10:15 | Queue | Villager (Male) |
| 10:50 | Queue | Villager (Male) |
| 11:12 | Queue | Villager (Male) |
| 11:50 | Queue | Villager (Male) |
| 12:01 | Queue | Villager (Male) |
| 12:18 | Build | House |
| 12:23 | Queue | Villager (Male) |
| 12:28 | Build | House |
| 13:17 | Build | Mill |
| 13:22 | Queue | Villager (Male) |
| 13:57 | Research | Feudal Age |
| 14:09 | Queue | Villager (Male) |
| 14:13 | Build | Farm |
| 14:15 | Build | Farm |
| 14:48 | Build | Mining Camp |
| 16:01 | Build | Barracks |
| 16:07 | Age | Feudal Age |
| 16:12 | Queue | Villager (Male) |
| 16:44 | Queue | Villager (Male) |
| 16:55 | Build | Market |
| 17:17 | Build | Stone Wall |
| 17:18 | Build | House |
| 17:21 | Build | Stone Wall |
| 17:30 | Queue | Villager (Male) |
| 17:35 | Build | House |
| 17:47 | Build | House |
| 17:59 | Build | Palisade Wall |
| 18:01 | Build | Palisade Wall |
| 18:10 | Build | Palisade Wall |
| 18:16 | Build | Palisade Wall |
| 18:18 | Build | Palisade Wall |
| 18:28 | Build | Palisade Wall |
| 18:32 | Build | Palisade Wall |
| 18:34 | Build | Palisade Wall |
| 19:12 | Build | Archery Range |
| 19:15 | Build | House |
| 19:17 | Build | House |
| 19:21 | Build | Palisade Wall |
| 19:47 | Build | Palisade Wall |
| 19:51 | Build | House |
| 19:56 | Queue | Archer |
| 20:00 | Research | Castle Age |
| 20:00 | Research | Castle Age |
| 20:09 | Build | Palisade Wall |
| 20:12 | Build | Farm |
| 20:28 | Queue | Villager (Male) |
| 20:38 | Queue | Archer |
| 20:46 | Build | Farm |
| 20:51 | Build | Farm |
| 20:52 | Queue | Villager (Male) |
| 20:58 | Research | Double-Bit Axe |
| 20:58 | Research | Double-Bit Axe |
| 21:00 | Queue | Villager (Male) |
| 21:03 | Build | Farm |
| 21:22 | Queue | Villager (Male) |
| 21:34 | Build | House |
| 22:40 | Age | Castle Age |
| 22:41 | Build | Town Center |
| 22:55 | Research | Bow Saw |
| 22:55 | Research | Bow Saw |
| 23:12 | Build | Blacksmith |
| 23:22 | Research | Horse Collar |
| 23:23 | Research | Horse Collar |
| 23:49 | Build | Farm |
| 23:51 | Queue | Villager (Male) |
| 24:06 | Queue | Villager (Male) |
| 24:21 | Queue | Villager (Male) |
| 24:21 | Queue | Villager (Male) |
| 24:25 | Build | Siege Workshop |
| 24:29 | Queue | Villager (Male) |
| 24:41 | Build | Farm |
| 25:00 | Build | Farm |
| 25:00 | Build | Farm |
| 25:02 | Queue | Villager (Male) |
| 25:10 | Build | Farm |
| 25:11 | Build | Farm |
| 25:20 | Queue | Villager (Male) |
| 25:38 | Research | Scale Mail Armor |
| 25:38 | Research | Scale Mail Armor |
| 25:38 | Research | Scale Mail Armor |
| 25:39 | Build | Farm |
| 25:40 | Queue | Villager (Male) |
| 25:40 | Queue | Villager (Male) |
| 25:44 | Build | Farm |
| 25:45 | Build | Farm |
| 25:46 | Build | Farm |
| 25:58 | Queue | Villager (Male) |
| 25:59 | Queue | Villager (Male) |
| 26:04 | Queue | Iron Pagoda |
| 26:05 | Queue | Iron Pagoda |
| 26:18 | Queue | Villager (Male) |
| 26:18 | Queue | Villager (Male) |
| 26:22 | Build | Farm |
| 26:27 | Queue | Villager (Male) |
| 26:38 | Build | Farm |
| 26:42 | Queue | Villager (Male) |
| 26:57 | Queue | Battering Ram |
| 27:00 | Queue | Villager (Male) |
| 27:00 | Queue | Villager (Male) |
| 27:12 | Queue | Villager (Male) |
| 27:21 | Build | Farm |
| 27:22 | Queue | Villager (Male) |
| 27:23 | Queue | Villager (Male) |
| 27:24 | Queue | Villager (Male) |
| 27:35 | Queue | Villager (Male) |
| 27:40 | Build | Barracks |
| 27:46 | Build | Farm |
| 27:47 | Build | Farm |
| 27:51 | Build | House |
| 27:51 | Queue | Villager (Male) |
| 28:06 | Queue | Villager (Male) |
| 28:08 | Build | Farm |
| 28:09 | Queue | Villager (Male) |
Build order — MegaFish
First 150 of 528 actions detected
| 0:00 | Queue | Villager (Male) |
| 0:00 | Queue | Villager (Male) |
| 0:00 | Queue | Villager (Male) |
| 0:01 | Queue | Villager (Male) |
| 0:01 | Build | House |
| 0:02 | Build | House |
| 0:41 | Research | Loom |
| 0:42 | Queue | Villager (Male) |
| 0:42 | Queue | Villager (Male) |
| 1:11 | Build | Palisade Wall |
| 1:42 | Queue | Villager (Male) |
| 1:42 | Queue | Villager (Male) |
| 2:40 | Queue | Villager (Male) |
| 2:40 | Queue | Villager (Male) |
| 2:53 | Queue | Villager (Male) |
| 2:53 | Queue | Villager (Male) |
| 2:53 | Queue | Villager (Male) |
| 3:38 | Queue | Villager (Male) |
| 3:38 | Queue | Villager (Male) |
| 3:54 | Build | Palisade Wall |
| 4:09 | Queue | Villager (Male) |
| 4:09 | Queue | Villager (Male) |
| 4:44 | Queue | Villager (Male) |
| 4:44 | Queue | Villager (Male) |
| 4:52 | Build | Palisade Wall |
| 5:19 | Queue | Villager (Male) |
| 5:19 | Queue | Villager (Male) |
| 5:20 | Queue | Villager (Male) |
| 5:25 | Build | House |
| 5:37 | Queue | Villager (Male) |
| 6:09 | Queue | Villager (Male) |
| 6:09 | Queue | Villager (Male) |
| 6:47 | Queue | Villager (Male) |
| 6:47 | Queue | Villager (Male) |
| 6:54 | Build | House |
| 7:20 | Queue | Villager (Male) |
| 7:20 | Queue | Villager (Male) |
| 7:21 | Queue | Villager (Male) |
| 7:21 | Queue | Villager (Male) |
| 7:50 | Queue | Villager (Male) |
| 7:53 | Queue | Villager (Male) |
| 7:53 | Queue | Villager (Male) |
| 7:59 | Build | Palisade Wall |
| 8:02 | Build | Palisade Wall |
| 8:06 | Queue | Villager (Male) |
| 8:08 | Queue | Villager (Male) |
| 8:08 | Queue | Villager (Male) |
| 8:14 | Build | House |
| 9:01 | Queue | Villager (Male) |
| 9:01 | Queue | Villager (Male) |
| 9:28 | Queue | Villager (Male) |
| 9:28 | Queue | Villager (Male) |
| 9:28 | Queue | Villager (Male) |
| 9:43 | Queue | Villager (Male) |
| 9:43 | Queue | Villager (Male) |
| 9:55 | Build | Palisade Wall |
| 9:56 | Build | Palisade Wall |
| 9:57 | Build | Palisade Wall |
| 9:58 | Build | Palisade Wall |
| 10:18 | Build | Lumber Camp |
| 10:25 | Build | Palisade Wall |
| 10:27 | Queue | Villager (Male) |
| 10:27 | Queue | Villager (Male) |
| 10:43 | Queue | Villager (Male) |
| 10:43 | Queue | Villager (Male) |
| 10:49 | Queue | Villager (Male) |
| 10:58 | Queue | Villager (Male) |
| 10:59 | Queue | Villager (Male) |
| 11:02 | Build | Palisade Wall |
| 11:22 | Build | House |
| 11:40 | Build | House |
| 12:14 | Build | Dock |
| 12:37 | Queue | Villager (Male) |
| 12:46 | Build | Lumber Camp |
| 12:48 | Build | Lumber Camp |
| 13:15 | Build | Dock |
| 13:28 | Queue | Villager (Male) |
| 14:02 | Research | Feudal Age |
| 14:02 | Research | Feudal Age |
| 14:04 | Queue | Fishing Ship |
| 14:04 | Queue | Fishing Ship |
| 14:06 | Build | Mill |
| 14:46 | Build | Barracks |
| 14:52 | Queue | Villager (Male) |
| 14:58 | Queue | Fishing Ship |
| 15:31 | Queue | Militia |
| 15:32 | Queue | Militia |
| 15:34 | Build | Mining Camp |
| 15:47 | Build | Farm |
| 16:06 | Build | House |
| 16:11 | Queue | Militia |
| 16:12 | Age | Feudal Age |
| 16:14 | Build | Watch Tower |
| 16:23 | Queue | Fishing Ship |
| 16:26 | Research | Tech 906 |
| 16:36 | Queue | Villager (Male) |
| 16:41 | Build | House |
| 16:43 | Research | Man-at-Arms (upgrade) |
| 17:12 | Queue | Villager (Male) |
| 17:16 | Build | Palisade Wall |
| 17:18 | Queue | Villager (Male) |
| 17:29 | Queue | Villager (Male) |
| 17:33 | Build | Archery Range |
| 17:37 | Queue | Fishing Ship |
| 17:37 | Queue | Fishing Ship |
| 17:42 | Build | Stone Wall |
| 17:45 | Build | Stone Wall |
| 17:52 | Queue | Villager (Male) |
| 18:03 | Research | Double-Bit Axe |
| 18:05 | Build | Farm |
| 18:26 | Build | Dock |
| 18:35 | Queue | Archer |
| 18:46 | Queue | Villager (Male) |
| 19:06 | Queue | Villager (Male) |
| 19:08 | Build | Farm |
| 19:09 | Build | Farm |
| 19:16 | Queue | Fishing Ship |
| 19:25 | Build | Lumber Camp |
| 19:38 | Queue | Archer |
| 19:38 | Queue | Archer |
| 19:44 | Queue | Villager (Male) |
| 19:50 | Build | Mining Camp |
| 19:59 | Queue | Galley |
| 20:01 | Build | House |
| 20:05 | Queue | Villager (Male) |
| 20:13 | Queue | Archer |
| 20:16 | Build | House |
| 20:24 | Build | Fish Trap |
| 20:35 | Build | House |
| 20:35 | Queue | Villager (Male) |
| 20:46 | Queue | Villager (Male) |
| 20:51 | Build | Blacksmith |
| 20:58 | Queue | Fishing Ship |
| 20:58 | Queue | Fishing Ship |
| 20:59 | Queue | Demolition Raft |
| 21:07 | Build | House |
| 21:20 | Build | Fish Trap |
| 21:22 | Queue | Villager (Male) |
| 21:30 | Build | Dock |
| 21:31 | Queue | Villager (Male) |
| 21:43 | Queue | Villager (Male) |
| 21:55 | Queue | Villager (Male) |
| 22:01 | Build | House |
| 22:13 | Build | Farm |
| 22:14 | Queue | Fishing Ship |
| 22:15 | Queue | Fishing Ship |
| 22:18 | Queue | Villager (Male) |
| 22:33 | Build | Farm |
| 23:03 | Build | Fish Trap |
| 23:05 | Build | Fish Trap |
Match timeline
| 1:11 | MegaFish · wall_segment Palisade Wall x7 |
| 3:48 | Diago · wall_segment Palisade Wall x8 |
| 3:54 | MegaFish · wall_segment Palisade Wall x1 |
| 4:52 | MegaFish · wall_segment Palisade Wall x6 |
| 5:10 | Diago · wall_segment Palisade Wall x2 |
| 5:19 | Diago · wall_segment Palisade Wall x1 |
| 5:22 | Diago · wall_segment Palisade Wall x1 |
| 7:59 | MegaFish · wall_segment Palisade Wall x4 |
| 8:02 | MegaFish · wall_segment Palisade Wall x1 |
| 9:44 | Diago · wall_segment Palisade Wall x1 |
| 9:47 | Diago · wall_segment Palisade Wall x1 |
| 9:55 | MegaFish · wall_segment Palisade Wall x1 |
| 9:55 | Diago · wall_segment Palisade Wall x1 |
| 9:56 | MegaFish · wall_segment Palisade Wall x1 |
| 9:57 | MegaFish · wall_segment Palisade Wall x1 |
| 9:57 | Diago · wall_segment Palisade Wall x1 |
| 9:58 | MegaFish · wall_segment Palisade Wall x1 |
| 10:25 | MegaFish · wall_segment Palisade Wall x5 |
| 11:02 | MegaFish · wall_segment Palisade Wall x8 |
| 12:14 | MegaFish · first_building Dock |
| 14:46 | MegaFish · first_building Barracks |
| 16:01 | Diago · first_building Barracks |
| 16:07 | Diago · age_up feudal |
| 16:12 | MegaFish · age_up feudal |
| 17:16 | MegaFish · wall_segment Palisade Wall x3 |
| 17:17 | Diago · wall_segment Stone Wall x3 |
| 17:21 | Diago · wall_segment Stone Wall x1 |
| 17:33 | MegaFish · first_building Archery Range |
| 17:42 | MegaFish · wall_segment Stone Wall x6 |
| 17:45 | MegaFish · wall_segment Stone Wall x6 |
| 17:59 | Diago · wall_segment Palisade Wall x1 |
| 18:01 | Diago · wall_segment Palisade Wall x1 |
| 18:10 | Diago · wall_segment Palisade Wall x1 |
| 18:16 | Diago · wall_segment Palisade Wall x3 |
| 18:18 | Diago · wall_segment Palisade Wall x3 |
| 18:28 | Diago · wall_segment Palisade Wall x1 |
| 18:32 | Diago · wall_segment Palisade Wall x2 |
| 18:34 | Diago · wall_segment Palisade Wall x1 |
| 19:12 | Diago · first_building Archery Range |
| 19:21 | Diago · wall_segment Palisade Wall x1 |
| 19:47 | Diago · wall_segment Palisade Wall x9 |
| 19:59 | Diago · first_market_sell 100 food |
| 20:09 | Diago · wall_segment Palisade Wall x1 |
| 22:40 | Diago · age_up castle |
| 22:54 | Diago · first_market_buy 100 food |
| 24:25 | Diago · first_building Siege Workshop |
| 24:34 | MegaFish · first_building Stable |
| 26:07 | MegaFish · age_up castle |
| 28:23 | MegaFish · first_building Monastery |
| 31:01 | MegaFish · first_building Siege Workshop |
| 34:32 | MegaFish · wall_segment Stone Wall x8 |
| 34:49 | MegaFish · wall_segment Stone Wall x3 |
| 35:12 | MegaFish · first_market_buy 100 stone |
| 35:17 | MegaFish · first_building Castle |
| 35:24 | MegaFish · wall_segment Stone Wall x1 |
| 35:25 | MegaFish · wall_segment Stone Wall x1 |
| 35:39 | MegaFish · first_market_sell 100 food |
| 36:33 | MegaFish · wall_segment Stone Wall x1 |
| 38:52 | Diago · first_building Monastery |
| 39:01 | Diago · first_building Castle |
| 39:34 | MegaFish · age_up imperial |
| 43:09 | Diago · age_up imperial |
| 45:29 | Diago · resign |
[ AI ANALYSIS · 1 CREDIT ]
What really happened in this match?
Wolo.gg analyzes every decision: build order, eco, micro, common mistakes by bracket. Personalized analysis on WhatsApp or Discord in 30 seconds.
Civ guide
Jurchens
Perfil
Jugador #1979159